Map: 인터로퍼 - 래더

Players

DnS

  • Race: Protoss Protoss
  • Spawn Location: 5:00

puCK (Nina) - Winner!

  • Race: Protoss Protoss
  • Spawn Location: 11:00

Event: WCS Montreal 2017

VOD

Have the link to the VOD?

Description

Time

  • Played on: Sept. 8, 2017, 12:52 p.m.
  • Length: 19:55

All games in this series

Show
View Real Time Build Order
Export as new Build Order

DnS Protoss 

Build Orders: Phoenix Opening 

Get SALT Encoding   

  12  0:00  Probe (Chrono Boost)  
  13  0:11  Probe (Chrono Boost)  
  14  0:17  Pylon  
  14  0:22  Probe (Chrono Boost)  
  16  0:35  Probe (Chrono Boost)  
  16  0:36  Gateway  
  16  0:42  Assimilator  
  16  0:46  Probe (Chrono Boost)  
  17  0:52  Assimilator  
  17  0:56  Probe (Chrono Boost)  
  18  1:04  Gateway  
  18  1:07  Probe (Chrono Boost)  
  19  1:17  Probe (Chrono Boost)  
  20  1:23  Cybernetics Core  
  20  1:28  Probe (Chrono Boost)  
  21  1:33  Pylon  
  21  1:38  Probe (Chrono Boost)  
  22  1:49  Probe (Chrono Boost)  
  23  1:59  Probe (Chrono Boost), Stalker x2  
  28  2:01  Warp Gate (Chrono Boost)  
  28  2:08  Pylon  
  30  2:15  Mothership Core  
  30  2:29  Sentry  
  32  2:36  Probe  
  33  2:47  Nexus  
  33  2:51  Sentry  
  35  2:54  Probe  
  36  3:07  Probe  
  36  3:09  Pylon  
  37  3:16  Robotics Facility  
  37  3:22  Probe  
  38  3:31  Twilight Council  
  38  3:34  Probe (Chrono Boost)  
  38  3:35  Phoenix  
  39  3:46  Probe (Chrono Boost)  
  39  3:48  Stalker x2  
  44  3:56  Probe (Chrono Boost)  
  44  3:59  Probe (Chrono Boost)  
  46  4:04  Observer  
  46  4:07  Probe (Chrono Boost)  
  49  4:10  Probe (Chrono Boost)  
  49  4:17  Probe (Chrono Boost)  
  49  4:20  Probe (Chrono Boost)  
  49  4:22  Immortal  
  51  4:28  Probe (Chrono Boost)  
  51  4:30  Probe (Chrono Boost), Pylon  
  57  4:38  Pylon  
  57  4:42  Blink (Chrono Boost)  
  57  4:44  Probe x2, Pylon  
  59  4:45  Assimilator  
  59  4:56  Probe x2  
  61  5:05  Nexus  
  61  5:07  Pylon  
  61  5:10  Probe x2  
  61  5:14  Stalker  
  65  5:26  Stalker  
  65  5:29  Probe x2  
  65  5:30  Pylon  
  65  5:31  Immortal  
  63  5:43  Stalker  
  63  5:47  Gateway  
  63  5:48  Gateway  
  63  5:49  Stalker  
  67  5:51  Probe x2  
  67  5:55  Assimilator  
  69  6:05  Probe, Immortal  
  69  6:06  Probe  
  75  6:12  Stalker  
  75  6:13  Stalker  
  75  6:18  Probe x2  
  79  6:20  Probe  
  80  6:36  Stalker x2  
  84  6:45  Probe  
  84  6:46  Nexus  
  85  6:49  Immortal  
  85  6:52  Sentry x2  
  93  6:57  Probe  
  93  6:59  Stalker  
  93  7:01  Probe  
  97  7:05  Stalker  
  99  7:09  Probe  
  99  7:13  Probe  
  101  7:19  Forge  
  101  7:22  Probe, Pylon  
  102  7:25  Pylon  
  102  7:40  Probe x2  
  102  7:42  Stalker x3  
  102  7:43  Stalker  
  112  7:51  Robotics Bay  
  112  7:52  Protoss Ground Weapons Level 1 (Chrono Boost), Probe  
  112  7:55  Assimilator  
  112  7:56  Probe  
  112  7:57  Probe  
  115  8:04  Probe  
  116  8:07  Assimilator  
  116  8:10  Stalker x2  
  116  8:23  Stalker x2  
  120  8:28  Gateway  
  120  8:30  Gateway  
  120  8:34  Disruptor, Stalker x2  
  124  8:42  Probe  
  124  8:43  Probe  
  124  8:44  Probe  
  124  8:47  Stalker x2  
  124  8:53  Probe  
  123  8:56  Probe  
  123  8:59  Probe  
  123  9:00  Robotics Facility  
  123  9:05  Disruptor  
  123  9:09  Probe  
  124  9:10  Probe  
  124  9:14  Photon Cannon  
  128  9:18  Pylon  
  128  9:19  Pylon  
  128  9:20  Probe  
  128  9:21  Pylon  
  128  9:23  Pylon  
  129  9:25  Pylon  
  129  9:38  Protoss Ground Weapons Level 2 (Chrono Boost)  
  122  9:42  Disruptor (Chrono Boost)  
  125  9:48  Stalker x6  
  125  9:49  Disruptor (Chrono Boost)  
  140  9:55  Probe  
  140  9:57  Probe  
  141  10:16  Stalker x5  
  148  10:24  Disruptor (Chrono Boost)  
  135  10:34  Stalker  
  97  10:43  Disruptor (Chrono Boost)  
  97  10:45  Stalker  
  97  10:46  Stalker x4  
  106  11:03  Stalker  
  111  11:05  Disruptor (Chrono Boost)  
  111  11:08  Stalker  
  111  11:09  Stalker x4  
  121  11:13  Pylon  
  121  11:14  Disruptor (Chrono Boost)  
  118  11:30  Stalker  
  118  11:32  Nexus  
  120  11:34  Zealot  
  120  11:37  Stalker x2  
  129  11:41  Disruptor (Chrono Boost)  
  128  11:48  Disruptor (Chrono Boost), Stalker x2  
  128  11:49  Probe  
  128  11:50  Probe x2  
  138  11:54  Sentry, Pylon  
  138  11:59  Stalker  
  142  12:02  Stalker  
  142  12:07  Stalker  
  149  12:17  Photon Cannon, Probe  
  149  12:18  Disruptor (Chrono Boost), Probe x2  
  150  12:27  Disruptor (Chrono Boost)  
  153  12:42  Protoss Ground Weapons Level 3, Stalker x4  
  151  12:48  Probe x2  
  151  12:49  Assimilator, Probe x2  
  151  12:50  Assimilator, Disruptor (Chrono Boost)  
  158  13:02  Charge (Chrono Boost)  
  158  13:14  Disruptor  
  157  13:23  Stalker x4  
  157  13:24  Stalker  
  167  13:31  Gateway  
  167  13:32  Gateway  
  167  13:39  Dark Shrine  
  167  13:44  Observer  
  168  14:03  Nexus  
  168  14:05  Warp Prism, Pylon  
  168  14:06  Stargate  
  170  14:11  Gateway x2  
  170  14:12  Photon Cannon  
  170  14:22  Stalker x3  
  176  14:33  Disruptor  
  146  14:45  Zealot x4  
  154  14:46  Disruptor  
  154  14:52  Oracle  
  160  14:54  Photon Cannon  
  160  14:57  Probe x2, Photon Cannon  
  160  14:58  Probe  
  163  15:00  Pylon  
  163  15:04  Disruptor  
  163  15:07  Protoss Shields Level 1  
  166  15:27  Dark Templar x3, Zealot x2  
  166  15:28  Zealot x5  
  176  15:33  Disruptor  
  176  15:35  Disruptor  
  179  15:38  Assimilator  
  179  15:40  Assimilator  
  179  15:41  Photon Cannon  
  180  16:03  Dark Templar x2  
  156  16:06  Disruptor, Zealot x2  
  156  16:07  Dark Templar, Zealot x2  
  156  16:09  Disruptor  
  152  16:19  Probe x2  
  152  16:20  Probe x3  
  152  16:22  Archon  
  154  16:32  Probe  
  153  16:37  Disruptor  
  142  16:44  Dark Templar  
  142  16:45  Zealot  
  143  16:50  Disruptor  
  146  16:54  Probe x2  
  146  16:55  Probe x3  
  151  17:06  Oracle  
  151  17:07  Probe x2  
  153  17:08  Disruptor  
  137  17:26  Stalker x6  
  137  17:29  Photon Cannon  
  149  17:35  Disruptor  
  149  17:36  Stalker x2  
  151  17:44  Disruptor  
  145  18:11  Disruptor  
  139  18:15  Disruptor  
  131  18:26  Stalker x8  
  117  18:44  Dark Templar x2  
  117  18:46  Disruptor  
  117  18:47  Disruptor  
  95  19:32  Sentry x2  
  95  19:34  Stalker  
Show
View Real Time Build Order
Export as new Build Order

puCK Protoss - Winner!

Build Orders:  

Get SALT Encoding   

  12  0:01  Probe (Chrono Boost)  
  13  0:11  Probe (Chrono Boost)  
  14  0:18  Pylon  
  14  0:22  Probe (Chrono Boost)  
  15  0:36  Probe (Chrono Boost), Gateway  
  15  0:42  Assimilator  
  16  0:46  Probe (Chrono Boost)  
  17  0:51  Assimilator  
  18  0:57  Probe (Chrono Boost)  
  18  1:05  Gateway  
  18  1:07  Probe (Chrono Boost)  
  19  1:18  Probe (Chrono Boost)  
  20  1:23  Cybernetics Core  
  20  1:29  Probe (Chrono Boost)  
  21  1:33  Pylon  
  21  1:39  Probe (Chrono Boost)  
  22  1:50  Probe (Chrono Boost)  
  23  1:59  Stalker x2  
  23  2:01  Warp Gate (Chrono Boost)  
  27  2:07  Mothership Core  
  29  2:16  Pylon  
  29  2:29  Stalker  
  31  2:36  Probe  
  34  2:52  Probe  
  34  2:55  Nexus  
  32  3:02  Sentry  
  32  3:03  Sentry  
  32  3:05  Probe (Chrono Boost)  
  37  3:19  Robotics Facility  
  37  3:21  Probe (Chrono Boost)  
  38  3:32  Probe (Chrono Boost)  
  38  3:33  Pylon  
  39  3:42  Twilight Council  
  39  3:51  Probe (Chrono Boost)  
  39  3:53  Pylon  
  40  3:56  Stalker  
  42  4:05  Probe (Chrono Boost)  
  42  4:09  Warp Prism (Chrono Boost)  
  43  4:14  Probe  
  46  4:17  Probe  
  47  4:25  Probe  
  47  4:29  Probe  
  49  4:32  Blink (Chrono Boost)  
  49  4:37  Probe  
  50  4:39  Stalker  
  50  4:42  Probe  
  50  4:43  Observer  
  54  4:48  Stalker  
  54  4:50  Probe  
  57  4:54  Probe  
  58  5:00  Pylon  
  58  5:02  Probe  
  58  5:06  Probe  
  60  5:11  Stalker  
  60  5:12  Stalker  
  64  5:14  Probe  
  64  5:18  Probe  
  66  5:26  Probe  
  67  5:30  Probe  
  66  5:36  Stalker x2  
  66  5:38  Probe  
  66  5:42  Probe  
  72  5:49  Nexus  
  72  5:51  Probe  
  72  5:54  Probe  
  74  5:59  Adept x2  
  78  6:04  Gateway  
  78  6:05  Gateway  
  78  6:12  Pylon  
  78  6:13  Pylon  
  78  6:16  Assimilator  
  78  6:23  Probe  
  78  6:24  Probe  
  78  6:32  Stalker x2  
  80  6:35  Pylon  
  80  6:37  Pylon  
  78  6:42  Warp Prism  
  78  6:43  Probe  
  78  6:47  Assimilator  
  75  6:50  Gateway  
  75  6:54  Gateway  
  77  6:56  Stalker  
  77  6:57  Stalker  
  81  7:04  Forge  
  81  7:07  Gateway  
  81  7:10  Stalker x2  
  81  7:12  Probe x3  
  88  7:17  Observer  
  89  7:22  Stalker  
  89  7:23  Stalker  
  89  7:26  Probe  
  94  7:30  Probe  
  96  7:38  Stalker  
  96  7:39  Stalker  
  96  7:42  Pylon  
  99  7:46  Adept x2  
  103  7:52  Probe  
  103  7:54  Protoss Ground Weapons Level 1  
  103  7:56  Stalker x2  
  108  8:02  Stalker  
  108  8:03  Stalker x2  
  114  8:11  Stalker x2  
  114  8:12  Probe  
  115  8:23  Stalker  
  115  8:24  Stalker  
  115  8:27  Adept  
  115  8:28  Adept x2  
  121  8:39  Probe  
  122  8:41  Probe  
  122  8:42  Probe  
  122  8:46  Stalker x2  
  122  8:47  Stalker x2  
  132  8:51  Pylon  
  132  8:52  Pylon  
  132  8:55  Assimilator  
  130  8:59  Assimilator  
  77  9:02  Charge (Chrono Boost)  
  126  9:03  Photon Cannon x2  
  126  9:09  Photon Cannon  
  126  9:14  Pylon  
  126  9:16  Stalker x2  
  126  9:17  Stalker  
  132  9:21  Stalker x2  
  136  9:25  Stalker  
  128  9:40  Stalker  
  128  9:41  Stalker x3  
  128  9:45  Robotics Bay  
  136  9:46  Stalker  
  136  9:50  Stalker  
  140  9:58  Probe  
  141  10:13  Stalker x4  
  141  10:14  Robotics Facility  
  149  10:18  Stalker x2  
  149  10:19  Stalker  
  113  10:36  Zealot x3  
  113  10:37  Zealot  
  109  10:43  Stalker x3  
  115  10:51  Probe  
  104  11:00  Nexus  
  104  11:03  Stalker x4  
  112  11:07  Stalker  
  114  11:11  Disruptor (Chrono Boost)  
  114  11:14  Disruptor (Chrono Boost)  
  120  11:22  Protoss Ground Weapons Level 2  
  118  11:30  Stalker x2  
  118  11:31  Stalker x2  
  124  11:33  Stalker  
  124  11:36  Pylon  
  126  11:49  Disruptor (Chrono Boost)  
  126  11:52  Disruptor (Chrono Boost)  
  132  11:56  Photon Cannon  
  132  11:59  Probe  
  133  12:03  Stalker x2  
  137  12:21  Disruptor (Chrono Boost)  
  143  12:23  Disruptor (Chrono Boost)  
  141  12:33  Stalker x2  
  141  12:34  Stalker x3  
  151  12:43  Stalker x2  
  153  12:52  Disruptor (Chrono Boost)  
  153  12:55  Assimilator  
  156  12:59  Assimilator  
  156  13:04  Stargate  
  132  13:29  Stalker  
  132  13:30  Stalker x6  
  132  13:32  Disruptor x2 (Chrono Boost)  
  152  14:00  Stalker x5  
  152  14:01  Stalker  
  164  14:03  Warp Prism (Chrono Boost), Disruptor (Chrono Boost)  
  164  14:09  Dark Shrine  
  169  14:17  Photon Cannon  
  169  14:21  Photon Cannon  
  154  14:34  Warp Prism (Chrono Boost), Disruptor (Chrono Boost)  
  147  14:43  Stalker  
  147  14:44  Stalker x3  
  155  14:56  Oracle  
  158  15:00  Pylon x2  
  158  15:05  Disruptor x2 (Chrono Boost)  
  162  15:08  Robotics Facility  
  162  15:09  Photon Cannon  
  162  15:14  Stalker x4  
  162  15:15  Stalker  
  162  15:20  Photon Cannon  
  170  15:36  Disruptor (Chrono Boost)  
  173  15:47  Dark Templar x3  
  179  15:50  Zealot x4  
  187  16:03  Disruptor (Chrono Boost)  
  178  16:06  Disruptor (Chrono Boost)  
  179  16:15  Stalker x3  
  179  16:16  Stalker  
  179  16:38  Stalker  
  179  16:39  Stalker x3  
  161  16:46  Disruptor (Chrono Boost)  
  164  16:48  Disruptor (Chrono Boost)  
  164  16:50  Photon Cannon  
  167  16:58  Disruptor (Chrono Boost)  
  170  17:05  Nexus  
  167  17:19  Disruptor (Chrono Boost)  
  167  17:22  Disruptor (Chrono Boost)  
  173  17:24  Nexus  
  173  17:26  Pylon  
  173  17:28  Pylon  
  173  17:29  Disruptor (Chrono Boost)  
  176  17:31  Stalker x2  
  176  17:36  Photon Cannon  
  169  17:47  Stalker x2  
  169  17:48  Stalker x3  
  177  17:54  Photon Cannon  
  177  18:00  Photon Cannon  
  177  18:04  Disruptor (Chrono Boost)  
  180  18:07  Disruptor (Chrono Boost)  
  164  18:22  Zealot x2, Observer (Chrono Boost)  
  167  18:27  Zealot  
  169  18:35  Observer (Chrono Boost)  
  170  18:42  Photon Cannon, Disruptor (Chrono Boost)  
  170  18:44  Photon Cannon  
  170  18:46  Photon Cannon  
  170  18:48  Pylon  
  168  19:03  Disruptor x2 (Chrono Boost)  
  168  19:04  Oracle  
  177  19:14  Stalker x6  
  187  19:22  Dark Templar  
Tags
 
Add a new tag
Caveats
  • Supply blocks, unpowered buildings, or Contaminate may cause inaccurate times.
  • Supply counts are checked every 10 seconds.